General information
- name: BNet
- type: Ladder team game (AT/RT)
- host: Battle.net
- saver: FvckUBlockhead
map: TwilightRuins
- players: 8
- length: 48:27
- speed: Fast
- version: 1.26 W3XP
- replay type: Public
» download(253 KB)
Players
team 1 (winner)

»
IGSTT (
pink | 36 APM | 1759 actions | 48:26)
6 Mountain King
3 Storm Bolt
2 Bash
1 Avatar
6 Paladin
3 Holy Light
2 Divine Shield
1 Resurrection
» actions
| Assign group hotkey | 19 | |
| Basic commands | 80 | |
| Build / train | 112 | |
| ESC pressed | 12 | |
| Enter build submenu | 32 | |
| Enter hero's abilities submenu | 14 | |
| Give item / drop item | 10 | |
| Right click | 751 | |
| Select / deselect | 444 | |
| Select group hotkey | 165 | |
| Use ability | 120 | |
1759 total
» units
| Peasant | 38 | |
| Footman | 9 | |
| Gryphon Rider | 7 | |
| Dragonhawk Rider | 6 | |
60 total
» upgrades
| Defend | 1 | |
| Masonry | 3 | |
| Swords | 3 | |
| Armor | 3 | |
| Lumber Harvesting | 2 | |
| Animal War Training | 1 | |
| Storm Hammers | 1 | |
| Cloud | 1 | |
| Backpack | 1 | |
16 total
» buildings
| Farm | 15 | |
| Altar of Kings | 1 | |
| Barracks | 1 | |
| Arcane Vault | 1 | |
| Lumber Mill | 2 | |
| Town Hall | 7 | |
| Keep | 1 | |
| Blacksmith | 1 | |
| Castle | 1 | |
| Gryphon Aviary | 3 | |
33 total
» build order
00:34 Farm
00:59 Altar of Kings
01:09 Barracks
01:14 Farm
01:18 Arcane Vault
01:25 Lumber Mill
02:07 Farm
02:08 Farm
02:30 Farm
04:04 Town Hall
04:26 Keep
05:35 Blacksmith
05:37 Farm
06:52 Lumber Mill
07:19 Castle
08:35 Gryphon Aviary
08:35 Gryphon Aviary
08:37 Farm
08:37 Farm
08:41 Gryphon Aviary
13:14 Farm
13:15 Farm
13:15 Farm
13:18 Farm
13:19 Farm
13:20 Farm
13:21 Farm
15:10 Town Hall
18:12 Town Hall
24:27 Town Hall
26:57 Town Hall
28:01 Town Hall
28:09 Town Hall
» items
| Scroll of Regeneration | 3 | |
| Lesser Clarity Potion | 4 | |
| Scroll of Town Portal | 5 | |
| Orb of Fire | 1 | |
| Potion of Healing | 1 | |
| Potion of Mana | 1 | |
| Boots of Speed | 1 | |
16 total
Secreteam (
purple | 76 APM | 3658 actions | 48:26)
7 Blood Mage
3 Flame Strike
3 Siphon Mana
1 Summon Phoenix
» actions
| Assign group hotkey | 111 | |
| Basic commands | 332 | |
| Build / train | 180 | |
| ESC pressed | 4 | |
| Enter build submenu | 47 | |
| Enter hero's abilities submenu | 7 | |
| Give item / drop item | 4 | |
| Remove unit from queue | 3 | |
| Right click | 1082 | |
| Select / deselect | 436 | |
| Select group hotkey | 1190 | |
| Use ability | 262 | |
3658 total
» units
| Peasant | 15 | |
| Footman | 7 | |
| Goblin Shredder | 4 | |
| Goblin Zeppelin | 5 | |
| Sorceress | 1 | |
| Gryphon Rider | 7 | |
| Dragonhawk Rider | 11 | |
| Priest | 2 | |
52 total
» upgrades
| Masonry | 3 | |
| Sorceress Training | 2 | |
| Magic Sentry | 1 | |
| Lumber Harvesting | 2 | |
| Armor | 4 | |
| Swords | 3 | |
| Animal War Training | 1 | |
| Storm Hammers | 1 | |
| Cloud | 1 | |
| Backpack | 1 | |
| Priest Training | 2 | |
| Gunpowder | 3 | |
| Plating | 3 | |
| Barrage | 1 | |
| Flying Machine Bombs | 1 | |
| Flak Cannons | 1 | |
| Fragmentation Shards | 1 | |
| Flare | 1 | |
| Control Magic | 1 | |
| Defend | 1 | |
| Long Rifles | 1 | |
35 total
» buildings
| Altar of Kings | 1 | |
| Barracks | 1 | |
| Farm | 12 | |
| Arcane Vault | 1 | |
| Town Hall | 5 | |
| Scout Tower | 16 | |
| Lumber Mill | 1 | |
| Keep | 3 | |
| Arcane Tower | 2 | |
| Guard Tower | 17 | |
| Blacksmith | 2 | |
| Castle | 2 | |
| Arcane Sanctum | 1 | |
| Gryphon Aviary | 4 | |
| Workshop | 2 | |
70 total
» build order
00:50 Altar of Kings
00:54 Barracks
00:55 Farm
01:04 Farm
01:38 Farm
01:53 Arcane Vault
02:12 Farm
02:53 Farm
04:02 Town Hall
04:10 Scout Tower
04:19 Lumber Mill
04:52 Keep
04:52 Keep
05:12 Arcane Tower
05:12 Arcane Tower
05:42 Scout Tower
05:43 Scout Tower
05:45 Scout Tower
05:45 Scout Tower
06:28 Farm
06:38 Guard Tower
06:38 Guard Tower
06:38 Guard Tower
06:40 Scout Tower
06:45 Blacksmith
06:48 Blacksmith
07:17 Castle
07:19 Arcane Sanctum
08:07 Guard Tower
09:31 Scout Tower
09:32 Scout Tower
10:35 Guard Tower
10:35 Guard Tower
10:53 Gryphon Aviary
10:54 Gryphon Aviary
13:30 Farm
14:16 Town Hall
14:33 Scout Tower
14:34 Scout Tower
14:35 Scout Tower
14:36 Scout Tower
14:37 Scout Tower
14:38 Scout Tower
14:39 Scout Tower
14:40 Scout Tower
15:17 Guard Tower
15:37 Guard Tower
15:37 Guard Tower
15:37 Guard Tower
15:40 Guard Tower
15:41 Guard Tower
15:41 Guard Tower
15:41 Guard Tower
21:03 Farm
21:05 Farm
21:06 Farm
21:31 Gryphon Aviary
21:31 Gryphon Aviary
22:25 Workshop
22:26 Workshop
25:21 Town Hall
28:11 Town Hall
33:44 Farm
33:44 Farm
37:06 Town Hall
» items
| Scroll of Regeneration | 5 | |
| Staff of Teleportation | 1 | |
| Periapt of Vitality | 1 | |
| Potion of Invisibility | 1 | |
| Potion of Lesser Invulnerability | 1 | |
| Lesser Clarity Potion | 2 | |
| Staff of Sanctuary | 1 | |
| Scroll of Town Portal | 3 | |
| Potion of Healing | 2 | |
| Scroll of Protection | 1 | |
18 total
KING-OF-GAYS (
teal | 36 APM | 1391 actions | 39:05)
» actions
| Assign group hotkey | 18 | |
| Basic commands | 6 | |
| Build / train | 40 | |
| Enter build submenu | 15 | |
| Right click | 744 | |
| Select / deselect | 152 | |
| Select group hotkey | 378 | |
| Use ability | 38 | |
1391 total
» units
| Peon | 15 | |
| Kodo Beast | 4 | |
| Goblin Zeppelin | 2 | |
| Wind Rider | 2 | |
| Giant Sea Turtle | 1 | |
| Makrura Snapper | 1 | |
| Mur'gul Snarecaster | 1 | |
| Makrura Deepseer | 3 | |
29 total
» upgrades
| Spiked Barricades | 3 | |
| Witch Doctor Training | 2 | |
| Reinforced Defenses | 1 | |
| War Drums Damage Increase | 1 | |
| Shaman Training | 2 | |
9 total
» buildings
| War Mill | 1 | |
| Orc Burrow | 4 | |
| Watch Tower | 13 | |
| Stronghold | 1 | |
| Beastiary | 1 | |
| Spirit Lodge | 1 | |
| Altar of Storms | 1 | |
| Fortress | 1 | |
23 total
» build order
00:11 War Mill
00:19 Orc Burrow
01:29 Watch Tower
01:34 Watch Tower
01:54 Watch Tower
02:31 Watch Tower
02:38 Orc Burrow
03:17 Stronghold
04:04 Watch Tower
04:05 Watch Tower
04:56 Watch Tower
04:57 Watch Tower
04:57 Watch Tower
05:43 Beastiary
06:10 Spirit Lodge
06:53 Orc Burrow
06:56 Orc Burrow
07:10 Altar of Storms
09:14 Fortress
12:55 Watch Tower
12:55 Watch Tower
12:56 Watch Tower
FvckUBlockhead (
red | 49 APM | 2352 actions | 48:27)
10 Blademaster
3 Wind Walk
3 Critical Strike
1 Bladestorm
3 Mirror Image
» actions
| Assign group hotkey | 37 | |
| Basic commands | 293 | |
| Build / train | 108 | |
| Enter build submenu | 56 | |
| Enter hero's abilities submenu | 10 | |
| Give item / drop item | 9 | |
| Remove unit from queue | 1 | |
| Right click | 840 | |
| Select / deselect | 459 | |
| Select group hotkey | 394 | |
| Use ability | 145 | |
2352 total
» units
| Peon | 12 | |
| Grunt | 5 | |
| Goblin Shredder | 1 | |
| Wind Rider | 19 | |
| Troll Batrider | 6 | |
| Goblin Sapper | 9 | |
| Goblin Zeppelin | 1 | |
53 total
» upgrades
| Ranged Weapons | 3 | |
| Armor | 3 | |
| Envenomed Spears | 1 | |
| Reinforced Defenses | 1 | |
| Liquid Fire | 1 | |
| Troll Regeneration | 1 | |
| Spiked Barricades | 1 | |
11 total
» buildings
| Orc Burrow | 6 | |
| Altar of Storms | 1 | |
| Barracks | 2 | |
| Voodoo Lounge | 1 | |
| Stronghold | 1 | |
| War Mill | 2 | |
| Great Hall | 6 | |
| Watch Tower | 34 | |
| Fortress | 1 | |
| Beastiary | 5 | |
59 total
» build order
00:13 Orc Burrow
01:02 Altar of Storms
01:03 Barracks
01:07 Barracks
01:28 Orc Burrow
02:05 Voodoo Lounge
02:56 Stronghold
03:44 Orc Burrow
04:27 War Mill
05:03 Great Hall
06:04 Orc Burrow
06:41 Watch Tower
06:41 Watch Tower
06:41 Watch Tower
07:22 Watch Tower
07:22 Watch Tower
07:22 Watch Tower
08:39 Fortress
10:31 Beastiary
10:31 Beastiary
10:31 Beastiary
10:39 Beastiary
10:43 War Mill
16:31 Watch Tower
16:32 Watch Tower
16:32 Watch Tower
16:34 Watch Tower
16:34 Watch Tower
16:34 Watch Tower
16:36 Watch Tower
16:36 Watch Tower
17:05 Orc Burrow
17:08 Orc Burrow
20:16 Beastiary
24:56 Watch Tower
24:56 Watch Tower
24:56 Watch Tower
24:57 Watch Tower
24:57 Watch Tower
24:58 Watch Tower
25:05 Watch Tower
25:06 Watch Tower
25:06 Watch Tower
25:06 Watch Tower
25:07 Watch Tower
26:08 Watch Tower
26:09 Watch Tower
26:09 Watch Tower
26:09 Watch Tower
26:10 Watch Tower
29:31 Great Hall
32:48 Great Hall
32:57 Watch Tower
32:57 Watch Tower
32:58 Watch Tower
32:58 Watch Tower
35:35 Great Hall
38:26 Great Hall
38:32 Great Hall
» items
| Healing Salve | 5 | |
| Boots of Speed | 1 | |
| Scroll of Town Portal | 7 | |
| Lesser Clarity Potion | 1 | |
| Potion of Mana | 1 | |
| Potion of Healing | 6 | |
| Periapt of Vitality | 3 | |
| Circlet of Nobility | 2 | |
| Orb of Lightning | 1 | |
| Staff of Teleportation | 1 | |
| Scroll of Regeneration | 2 | |
30 total
team 2 (loser)

»
WaR.EnDs (
orange | 60 APM | 1033 actions | 17:10)
4 Mountain King
2 Storm Bolt
2 Bash
2 Paladin
1 Holy Light
1 Devotion Aura
» actions
| Assign group hotkey | 20 | |
| Basic commands | 13 | |
| Build / train | 66 | |
| Enter build submenu | 27 | |
| Enter hero's abilities submenu | 6 | |
| Give item / drop item | 4 | |
| Remove unit from queue | 6 | |
| Right click | 366 | |
| Select / deselect | 172 | |
| Select group hotkey | 298 | |
| Use ability | 55 | |
1033 total
» units
| Peasant | 18 | |
| Footman | 9 | |
| Gryphon Rider | 1 | |
| Dragonhawk Rider | 2 | |
30 total
» upgrades
| Lumber Harvesting | 2 | |
| Defend | 1 | |
| Swords | 2 | |
| Armor | 2 | |
| Masonry | 1 | |
| Storm Hammers | 1 | |
9 total
» buildings
| Altar of Kings | 1 | |
| Farm | 10 | |
| Barracks | 1 | |
| Lumber Mill | 2 | |
| Arcane Vault | 2 | |
| Keep | 1 | |
| Town Hall | 1 | |
| Scout Tower | 4 | |
| Blacksmith | 1 | |
| Guard Tower | 2 | |
| Castle | 1 | |
| Gryphon Aviary | 3 | |
29 total
» build order
00:26 Altar of Kings
00:41 Farm
00:56 Barracks
01:05 Farm
02:00 Lumber Mill
02:04 Arcane Vault
02:08 Arcane Vault
02:12 Lumber Mill
02:35 Farm
04:08 Keep
04:14 Town Hall
04:16 Scout Tower
04:18 Scout Tower
04:51 Farm
05:37 Farm
05:41 Blacksmith
06:08 Guard Tower
07:09 Castle
08:14 Gryphon Aviary
08:56 Scout Tower
08:59 Scout Tower
09:03 Gryphon Aviary
09:06 Gryphon Aviary
10:08 Farm
10:10 Farm
10:47 Guard Tower
11:49 Farm
11:49 Farm
14:06 Farm
» items
| Scroll of Regeneration | 1 | |
| Lesser Clarity Potion | 1 | |
| Orb of Fire | 1 | |
| Potion of Lesser Invulnerability | 1 | |
| Periapt of Vitality | 1 | |
| Boots of Speed | 1 | |
| Scroll of Protection | 1 | |
| Scroll of Town Portal | 1 | |
8 total
TheWordstHeBird (
blue | 73 APM | 1418 actions | 19:26)
5 Archmage
2 Summon Water Elemental
2 Brilliance Aura
1 Blizzard
3 Mountain King
2 Storm Bolt
1 Bash
1 Blood Mage
1 Banish
» actions
| Assign group hotkey | 5 | |
| Basic commands | 24 | |
| Build / train | 104 | |
| Enter build submenu | 29 | |
| Enter hero's abilities submenu | 10 | |
| Give item / drop item | 2 | |
| Right click | 626 | |
| Select / deselect | 467 | |
| Select group hotkey | 39 | |
| Use ability | 112 | |
1418 total
» units
| Peasant | 20 | |
| Footman | 8 | |
| Rifleman | 3 | |
| Priest | 4 | |
| Sorceress | 5 | |
| Flying Machine | 1 | |
| Mortar Team | 1 | |
| Knight | 2 | |
| Gryphon Rider | 3 | |
| Siege Engine | 2 | |
49 total
» upgrades
| Lumber Harvesting | 1 | |
| Masonry | 3 | |
| Swords | 1 | |
| Sorceress Training | 2 | |
| Animal War Training | 1 | |
| Barrage | 1 | |
| Priest Training | 2 | |
11 total
» buildings
| Altar of Kings | 1 | |
| Barracks | 1 | |
| Farm | 12 | |
| Arcane Vault | 1 | |
| Scout Tower | 8 | |
| Arcane Tower | 6 | |
| Keep | 1 | |
| Blacksmith | 1 | |
| Lumber Mill | 1 | |
| Town Hall | 1 | |
| Guard Tower | 7 | |
| Arcane Sanctum | 2 | |
| Workshop | 1 | |
| Castle | 1 | |
| Gryphon Aviary | 1 | |
45 total
» build order
00:08 Altar of Kings
00:21 Barracks
00:37 Farm
00:54 Farm
01:42 Farm
01:47 Arcane Vault
03:03 Scout Tower
03:32 Arcane Tower
03:33 Keep
03:40 Farm
03:46 Blacksmith
04:41 Lumber Mill
05:06 Farm
05:50 Town Hall
05:55 Scout Tower
05:57 Scout Tower
06:23 Arcane Tower
06:24 Arcane Tower
06:24 Arcane Tower
06:49 Guard Tower
06:52 Scout Tower
06:55 Scout Tower
06:56 Scout Tower
07:23 Guard Tower
07:41 Arcane Sanctum
07:44 Scout Tower
08:49 Guard Tower
09:08 Workshop
09:59 Castle
11:29 Farm
11:31 Farm
11:37 Gryphon Aviary
12:00 Arcane Sanctum
12:53 Farm
12:58 Farm
13:00 Farm
13:42 Guard Tower
13:42 Guard Tower
13:43 Guard Tower
14:30 Scout Tower
14:53 Farm
14:56 Farm
15:14 Guard Tower
» items
| Scroll of Regeneration | 2 | |
| Lesser Clarity Potion | 4 | |
| Scroll of Protection | 1 | |
| Potion of Lesser Invulnerability | 1 | |
| Tome of Retraining | 1 | |
| Scroll of Town Portal | 2 | |
| Potion of Healing | 1 | |
12 total
WaddlerDD (
green | 32 APM | 1548 actions | 48:26)
3 Archmage
1 Blizzard
2 Brilliance Aura
2 Paladin
1 Devotion Aura
1 Resurrection
» actions
| Basic commands | 24 | |
| Build / train | 72 | |
| Enter build submenu | 34 | |
| Enter hero's abilities submenu | 5 | |
| Give item / drop item | 4 | |
| Remove unit from queue | 1 | |
| Right click | 793 | |
| Select / deselect | 482 | |
| Use ability | 133 | |
1548 total
» units
| Peasant | 15 | |
| Rifleman | 9 | |
| Mortar Team | 1 | |
| Siege Engine | 2 | |
| Knight | 1 | |
| Gryphon Rider | 3 | |
| Flying Machine | 5 | |
| Dragonhawk Rider | 11 | |
47 total
» upgrades
| Masonry | 1 | |
| Barrage | 1 | |
| Lumber Harvesting | 1 | |
| Gunpowder | 2 | |
| Storm Hammers | 1 | |
| Plating | 1 | |
| Cloud | 1 | |
8 total
» buildings
| Farm | 16 | |
| Altar of Kings | 1 | |
| Blacksmith | 2 | |
| Barracks | 2 | |
| Lumber Mill | 1 | |
| Keep | 2 | |
| Town Hall | 2 | |
| Castle | 2 | |
| Arcane Vault | 1 | |
| Workshop | 3 | |
| Gryphon Aviary | 1 | |
33 total
» build order
01:04 Farm
01:21 Altar of Kings
01:33 Blacksmith
01:36 Barracks
01:41 Lumber Mill
01:50 Farm
02:06 Farm
02:27 Farm
02:47 Farm
03:08 Farm
03:37 Farm
04:05 Keep
04:47 Town Hall
06:34 Castle
06:42 Farm
07:08 Arcane Vault
07:16 Workshop
07:17 Workshop
07:18 Workshop
08:27 Farm
08:33 Gryphon Aviary
09:21 Farm
10:25 Farm
11:07 Blacksmith
17:56 Keep
20:36 Castle
24:38 Barracks
24:39 Farm
24:41 Farm
24:43 Farm
25:18 Farm
25:19 Farm
29:07 Town Hall
» items
| Scroll of Regeneration | 1 | |
| Scroll of Town Portal | 1 | |
| Staff of Teleportation | 1 | |
3 total
ONELoVeTHC (
yellow | 45 APM | 752 actions | 16:53)
3 Paladin
2 Holy Light
1 Devotion Aura
» actions
| Assign group hotkey | 15 | |
| Basic commands | 2 | |
| Build / train | 57 | |
| Enter build submenu | 18 | |
| Enter hero's abilities submenu | 3 | |
| Remove unit from queue | 4 | |
| Right click | 319 | |
| Select / deselect | 180 | |
| Select group hotkey | 109 | |
| Use ability | 45 | |
752 total
» units
| Peasant | 23 | |
| Footman | 6 | |
| Makrura Snapper | 1 | |
| Mur'gul Snarecaster | 1 | |
| Priest | 2 | |
| Sorceress | 3 | |
36 total
» upgrades
| Lumber Harvesting | 1 | |
| Swords | 1 | |
| Priest Training | 1 | |
| Sorceress Training | 1 | |
4 total
» buildings
| Altar of Kings | 1 | |
| Farm | 9 | |
| Barracks | 1 | |
| Arcane Vault | 1 | |
| Lumber Mill | 1 | |
| Keep | 1 | |
| Blacksmith | 1 | |
| Castle | 1 | |
| Arcane Sanctum | 2 | |
| Town Hall | 1 | |
19 total
» build order
00:08 Altar of Kings
00:16 Farm
00:24 Barracks
00:57 Farm
01:38 Farm
01:52 Arcane Vault
02:22 Farm
03:00 Lumber Mill
03:19 Farm
03:57 Keep
04:20 Farm
04:31 Blacksmith
05:01 Farm
05:56 Farm
06:22 Castle
06:41 Arcane Sanctum
06:52 Town Hall
07:40 Arcane Sanctum
07:50 Farm
» items
| Scroll of Regeneration | 3 | |
| Potion of Healing | 3 | |
| Scroll of Town Portal | 3 | |
9 total
Chat log
(00:06 / All) WaddlerDD: GG PINK
(00:08 / Allies) IGSTT: woah 3 lvl 1s
(00:09 / All) WaddlerDD: 3 LVL 1S
(00:12 / Allies) IGSTT: looks like i loose
(00:13 / All) IGSTT: lol
(00:17 / All) IGSTT: 1 is bser
(00:18 / All) Secreteam: GG WP PINK
(00:19 / All) IGSTT: 1 afk
(00:19 / All) Secreteam: WE OWN
(00:21 / All) IGSTT: lol
(00:43 / All) WaddlerDD: brb pooping
(00:45 / All) FvckUBlockhead: Emma Watson looks interesting. She seems like a sophicated, classy young lady.
(00:58 / All) FvckUBlockhead: I'd certainly like to get to know her
(01:07 / All) KING-OF-GAYS: i wonder ifharry potter got her in the sac
(01:08 / All) WaddlerDD: i'd pee in her but
(01:17 / All) TheWordstHeBird: id stick in her pooper for sure
(01:21 / All) FvckUBlockhead: He's only 5'5'' so probably not
(01:46 / All) WaddlerDD: i heard blue is gay too.
(01:54 / All) WaddlerDD: so ... king-of-gays
(01:57 / All) FvckUBlockhead: Emma Watson is much more attractive than the boyish chick from Juno
(02:08 / All) WaddlerDD: ROFL
(02:14 / All) WaddlerDD: someone said she was hot earlier...
(02:16 / All) TheWordstHeBird: greens the biggest faggot here
(02:17 / All) KING-OF-GAYS: i like the chick from the hunter games
(02:18 / All) WaddlerDD: in a dif game
(02:20 / All) KING-OF-GAYS: jennifer lwerence
(02:25 / All) WaddlerDD: blue is sensitive
(02:26 / All) WaddlerDD: sorry
(02:28 / All) FvckUBlockhead: She seems interesting too
(02:31 / All) WaddlerDD: shouldn't have outed him
(02:35 / All) FvckUBlockhead: She looks like she has some nice C cups
(02:38 / All) TheWordstHeBird: im fuckin boss
(03:01 / Allies) FvckUBlockhead: Gold? Lumber?
(03:06 / All) KING-OF-GAYS: blue i am a woman irl lets truce?
(03:22 / All) TheWordstHeBird: your a fuckin fag though
(03:38 / All) KING-OF-GAYS: i cannot offer a rebuttle
(03:43 / All) KING-OF-GAYS: u are correct
(03:46 / All) WaddlerDD: wait
(03:49 / All) WaddlerDD: the king of gays
(03:51 / All) WaddlerDD: is female?
(04:18 / Allies) FvckUBlockhead: Gold?|
(04:25 / All) KING-OF-GAYS: i am lesbo
(04:27 / All) KING-OF-GAYS: yes
(04:38 / All) WaddlerDD: well clerarly
(04:41 / All) WaddlerDD: a girl on wc3
(04:44 / All) WaddlerDD: not a lesbo?
(06:05 / All) WaddlerDD: guys im first times
(06:12 / All) WaddlerDD: why can't i mkae "knights"
(06:20 / All) KING-OF-GAYS: are u uman
(06:24 / All) KING-OF-GAYS: H
(06:26 / All) WaddlerDD: yes
(06:29 / All) WaddlerDD: in my barracks
(06:32 / All) WaddlerDD: i can't make knights
(06:41 / All) KING-OF-GAYS: black
(06:42 / All) KING-OF-GAYS: smith
(06:51 / All) WaddlerDD: i have that wtf
(07:29 / All) WaddlerDD: WOW
(07:30 / All) WaddlerDD: FUCK
(07:32 / All) KING-OF-GAYS: PLUG PULLER
(08:15 / All) WaddlerDD: nice tp
(08:34 / All) FvckUBlockhead: well that didn't work out just because of a difference of 2 mana
(08:50 / Allies) FvckUBlockhead: gold?
(10:27 / All) KING-OF-GAYS: nevermind im an idiot
(10:32 / All) KING-OF-GAYS: oh
(10:33 / All) WaddlerDD: LOL
(10:35 / Allies) KING-OF-GAYS: no im
(10:36 / All) KING-OF-GAYS: No im not
(10:43 / All) KING-OF-GAYS: i was wondering what i brought the kodo for
(11:46 / Allies) FvckUBlockhead: Gold?
(12:02 / Allies) FvckUBlockhead: Gold rod?
(12:08 / Allies) IGSTT: city?
(12:14 / Allies) IGSTT: moo moo milk?>
(12:59 / All) Secreteam: LAGGING PIECE OF SHIT
(13:00 / All) FvckUBlockhead: For hte love of god
(14:06 / All) WaddlerDD: lol
(14:15 / All) WaddlerDD: WTF
(14:23 / All) WaddlerDD: STOLE MY KNIGHT
(14:26 / All) WaddlerDD: WITH KODO
(14:51 / All) KING-OF-GAYS: is it there
(14:55 / All) WaddlerDD: NO
(14:57 / All) WaddlerDD: WTF
(14:58 / All) KING-OF-GAYS: wtf
(15:06 / All) KING-OF-GAYS: it shouldn't have died
(15:06 / All) WaddlerDD: WHY DID YOU STEAL MY KNIGHT
(15:18 / All) WaddlerDD: YOU'RE GODDAMN RIGHT
(15:24 / All) WaddlerDD: THATS 250 GOLD IM NEVER GETING BACK
(15:38 / All) KING-OF-GAYS: are u sure
(15:42 / All) KING-OF-GAYS: maybe it teleported to another island
(15:44 / All) KING-OF-GAYS: it does that
(15:53 / All) WaddlerDD: LOOKING
(15:58 / All) WaddlerDD: nope
(16:38 / All) TheWordstHeBird: LLO
(16:40 / Allies) FvckUBlockhead: I think they're gonna hit me
(16:57 / All) Secreteam: raped
(17:05 / Allies) IGSTT: look at teals base
(17:06 / Allies) IGSTT: lol
(17:07 / All) Secreteam: We picking on him all game
(17:08 / Allies) IGSTT: wtf is that
(17:16 / All) WaddlerDD: THIS IS WAR
(17:21 / All) TheWordstHeBird: ahaha
(17:25 / All) TheWordstHeBird: just a smurf i doint care
(17:32 / All) KING-OF-GAYS: aka?
(17:40 / All) WaddlerDD: BLUE STAY FOR HE SHOW
(17:46 / All) TheWordstHeBird: dont worry
(18:10 / All) TheWordstHeBird: clan koao
(18:12 / All) TheWordstHeBird: LOL
(18:14 / All) WaddlerDD: LMAO
(18:16 / All) IGSTT: NOOB
(18:17 / All) WaddlerDD: YOUR CLAN SUCKS
(18:22 / All) IGSTT: rOFL
(18:24 / All) IGSTT: WORST CLAN
(18:31 / All) KING-OF-GAYS: clan dix #1
(18:34 / All) WaddlerDD: IM GLAD PINK KNOWS
(18:38 / All) TheWordstHeBird: DIX AHAHAH
(18:38 / All) WaddlerDD: KODO #1
(18:41 / All) TheWordstHeBird: bunch of fags
(18:48 / All) TheWordstHeBird: few hackers
(19:06 / All) TheWordstHeBird: mew4
(19:09 / All) KING-OF-GAYS: gonna try again
(19:11 / All) Secreteam: god dammit lol
(19:15 / All) Secreteam: thought that staff would go off
(19:21 / All) WaddlerDD: ROFL
(19:29 / All) WaddlerDD: LOL
(19:31 / All) WaddlerDD: he mad
(19:37 / All) Secreteam: Nah it's alright
(19:41 / All) Secreteam: I'm so far ahead anyway
(19:47 / All) WaddlerDD: sorry
(19:49 / All) WaddlerDD: didn't see tanks there
(19:58 / All) KING-OF-GAYS: finally did it
(20:09 / All) KING-OF-GAYS: lol
(20:11 / All) WaddlerDD: lol do standoffs
(20:13 / All) KING-OF-GAYS: woo hoo
(20:14 / All) WaddlerDD: with only units there
(20:21 / All) KING-OF-GAYS: we have yet to actually do that
(21:31 / All) WaddlerDD: noooooo
(21:36 / All) KING-OF-GAYS: this knight
(21:37 / All) KING-OF-GAYS: is safe
(21:40 / All) KING-OF-GAYS: from everyone
(21:41 / All) IGSTT: not a unit lost
(21:46 / All) WaddlerDD: wow pink
(21:50 / All) WaddlerDD: want a medal?
(21:52 / All) IGSTT: nah
(21:55 / All) IGSTT: just a win
(21:56 / All) WaddlerDD: k
(22:02 / All) WaddlerDD: you hear that boys
(22:05 / All) WaddlerDD: he wants a win
(22:19 / All) IGSTT: 3 lvl1 beat u
(22:19 / All) WaddlerDD: lol i saw that
(22:26 / All) WaddlerDD: word man
(22:29 / All) WaddlerDD: i was lvl 1 too
(22:35 / All) WaddlerDD: want another medal?
(22:39 / All) IGSTT: nah
(22:41 / All) IGSTT: just the win
(22:50 / Allies) FvckUBlockhead: come pink
(22:59 / All) WaddlerDD: :(
(23:00 / Allies) FvckUBlockhead: come pink
(23:05 / All) IGSTT: wheres my medal
(23:15 / All) WaddlerDD: in ojs base
(23:16 / All) WaddlerDD: actually
(23:54 / Allies) IGSTT: lol
(23:55 / Allies) IGSTT: red
(23:56 / 5) FvckUBlockhead: did he overtly attack you?
(24:18 / All) Secreteam: I just want to show my dominance
(24:24 / All) Secreteam: I am better than you Jacob
(24:25 / All) WaddlerDD: lol
(24:35 / 9) Secreteam: He didn't, I just want to make it clear
(24:40 / All) Secreteam: He didn't even try doing anything against it
(25:06 / All) Secreteam: Even that stabber I played with in 1 game who towered and was new to the game said he was far worse than me and I am far
(25:08 / All) Secreteam: superior as a player
(25:46 / Allies) IGSTT: ur such a fag
(27:03 / All) KING-OF-GAYS: sigh
(27:11 / All) KING-OF-GAYS: dratsab is rolling over in his grave : (
(27:28 / All) WaddlerDD: ill avenge your base jacob
(27:38 / All) KING-OF-GAYS: thank u
(27:56 / All) KING-OF-GAYS: ur knight is sitll safe with me
(27:57 / All) WaddlerDD: pin
(28:01 / All) WaddlerDD: where are your units?
(28:12 / All) WaddlerDD: oh
(28:13 / All) WaddlerDD: yeah
(28:32 / All) KING-OF-GAYS: he held his own against 2 players pretty nicely
(28:42 / All) IGSTT: ya 2 bsers
(28:50 / All) WaddlerDD: oh sure
(28:52 / All) WaddlerDD: excuse
(28:52 / All) IGSTT: the funny thing is they think there good
(29:12 / All) IGSTT: well ima go watch an episode of suits
(29:18 / All) WaddlerDD: bye
(29:23 / All) IGSTT: when i come back will see if the noob beat u
(29:23 / All) KING-OF-GAYS: i cant get into that show
(29:32 / All) FvckUBlockhead: gold
(29:35 / All) WaddlerDD: hahaha you lose mate
(30:01 / All) FvckUBlockhead: bad luck mate
(30:05 / All) FvckUBlockhead: fat american cunt
(30:12 / All) FvckUBlockhead: you lose your cdkey bad luck mate
(30:29 / All) FvckUBlockhead: Jake and Rod 20k between, I got 500 gold all game
(30:36 / All) FvckUBlockhead: Asking for gold
(30:50 / All) WaddlerDD: i wouldn't give gold if i were jake
(30:53 / All) WaddlerDD: he can't even playh
(31:07 / All) Secreteam: I must not have been paying much attention
(31:15 / All) Secreteam: I try to give gold whenever asked
(31:27 / All) WaddlerDD: so kill everything?
(32:12 / All) WaddlerDD: for jakes base!
(32:18 / All) KING-OF-GAYS: u avenged me brother
(32:19 / All) Secreteam: You have 75 gold to rebuild
(32:20 / All) Secreteam: me 14k
(32:55 / All) Secreteam: oh that fag was at 100 food
(33:50 / All) KING-OF-GAYS: i am sorry our game got ruined yellow
(34:13 / 9) Secreteam: tp
(34:25 / All) WaddlerDD: lol
(34:29 / All) WaddlerDD: so many ahwks
(34:43 / All) Secreteam: I hate hawk vs hawk
(34:46 / All) Secreteam: can never judge who is winning
(34:52 / All) WaddlerDD: i avenged jake, so moral victory
(35:08 / All) FvckUBlockhead: You finished his base off lol
(35:11 / All) Secreteam: As long as I made my message clear to him
(36:12 / All) FvckUBlockhead: run, runner
(36:35 / All) KING-OF-GAYS: help meh
(36:42 / All) WaddlerDD: i have nothign
(36:44 / All) FvckUBlockhead: RUN RUNNER
(36:48 / All) WaddlerDD: are we realloy giving pink a win?
(36:52 / All) WaddlerDD: ill be back
(37:02 / All) FvckUBlockhead: Nay, pink must lose
(39:19 / All) FvckUBlockhead: how mad he is
(39:37 / 5) FvckUBlockhead: Pink's gotta lose
(39:42 / 9) Secreteam: Yeah
(42:22 / All) FvckUBlockhead: Jake's spirit must be broken
(42:36 / All) Secreteam: He must be shocked to see in his own eyes how much better I am and to be reminded of it
(48:04 / All) FvckUBlockhead: See you around, punk. I mean, pink.